[Event "Early-Titled-Tuesday-Blitz-May-07-2024"]
[Site "Chess.com"]
[Date "2024.05.07"]
[Round "6"]
[White "czechbul17"]
[Black "TheoSlade"]
[Result "0-1"]
[WhiteElo "2127"]
[BlackElo "2480"]
[TimeControl "180+1"]
[EndTime "9:13:40 PDT"]
[Termination "TheoSlade won by resignation"]

1. d4 d5 2. Nf3 e6 3. c4 a6 4. Nbd2 Nf6 5. g3 c5 6. Bg2 Nc6 7. dxc5 Bxc5 8. O-O O-O 9. cxd5 exd5 10.
Nb3 Bb6 11. Nbd4 Re8 12. b3 Nxd4 13. Nxd4 Bxd4 14. Qxd4 Rxe2 15. Bg5 Be6 16. Rfe1 Rxe1+ 17. Rxe1 Rc8 18. Rc1 Rxc1+ 19. Bxc1 Qa5 20. Qe5 Qc5 21. Be3 Qc2 22. Qb8+ Qc8 23. Qa7 Ne4 24. h3 h5 25.
Kh2 h4 26. Qd4 hxg3+ 27. fxg3 Qc2 28. Qb6 Qc8 29. g4 Qb8+ 30. Kg1 Qg3 31. Qd8+ Kh7 32. Qb6 Qe1+ 33. Kh2 Qg3+ 34. Kg1 Bd7 35. Qd4 Qe1+ 36. Kh2 Qg3+ 37. Kg1 Bc6 38. Bf2 Nxf2 39. Qxf2 Qxf2+ 40. Kxf2 Kg6 41. Ke3 Kf6 42. Kd4 Ke6 43. h4 f6 44.
Bh3 Kd6 45. g5 fxg5 46. hxg5 Be8 47. Bf5 Bh5 48. b4 b6 49. a3 Bd1 50. Bd3 a5 51.
Bf1 Bc2 52. Bg2 axb4 53. axb4 Bb3 54. Bf3 Kc6 55. Kc3 Bc4 56. Kd4 Kb5 57. Kc3 Ba2 58. Be2+ Bc4 59. Bd1 d4+ 60. Kxd4 Kxb4 61. Bc2 b5 62.
Be4 Bf7 63. Ke5 Ka3 64. Kd6 b4 65. Ke7 Bc4 66. Kf8 b3 67. Kxg7 b2 68. Kf6 Kb3 69. g6 Be2 70. g7 Bc4 71. Bd3 Bd5 72. Be4 Bc4 73. Bd3 Bg8 74. Ke7 Kc3 75. Bb1 Bb3 76. Kf8 Kd2 77. Bf5 Bc2 78. g8=Q b1=Q 79. Qd5+ Kc3 80. Qc5+ Kd2 81. Bxc2 Qxc2 82. Qf2+ Kc3 83.
Qc5+ Kb3 84. Qb5+ Ka3 85. Qa5+ Kb2 86. Qb6+ Ka1 87. Qf6+ Kb1 88. Qf1+ Ka2 89. Qa6+ Kb3 90. Qb6+ Ka3 91. Qa5+ Kb3 92. Qb5+ Ka2 93. Qf5 Qxf5+ 0-1

[Event "Early-Titled-Tuesday-Blitz-May-07-2024"]
[Site "Chess.com"]
[Date "2024.05.07"]
[Round "6"]
[White "Statham_01"]
[Black "Anton_Demchenko"]
[Result "0-1"]
[WhiteElo "2670"]
[BlackElo "2922"]
[TimeControl "180+1"]
[EndTime "9:13:43 PDT"]
[Termination "Anton_Demchenko won on time"]

1. e4 e5 2. Nf3 Nc6 3. c3 Nf6 4.
d4 d6 5. Bd3 Be7 6. h3 O-O 7.
Be3 Re8 8. d5 Nb8 9. c4 c6 10.
Nbd2 Na6 11. Qe2 Bd7 12. O-O g6 13. Rfd1 c5 14. Nf1 Nh5 15. Qd2 Bf6 16. Be2 Qe7 17. N3h2 Nf4 18. Bg4 h5 19. Bxd7 Qxd7 20. Rab1 Bg7 21.
a3 b5 22. b3 Rab8 23. Ng3 Rb6 24. Bxf4 exf4 25. Qxf4 Reb8 26. Qc1 bxc4 27. Qxc4 Nc7 28.
Nf3 Nb5 29. Qc1 Qe7 30. a4 Nd4 31. Nxd4 Bxd4 32. Qc2 Qh4 33. Rd3 Rb4 34. Re1 Be5 35. Rf3 Rd4 36. Nf1 Qg5 37. Ne3 Re8 38. Nc4 h4 39. Qe2 Qe7 40. Re3 Bf4 41. Rf3 Be5 42. Qe3 Bg7 43. Qf4 Rc8 44. Qxd6 Qe8 45. e5 Rd8 46. Qc6 R4xd5 47. Qxe8+ Rxe8 48. Rfe3 Rd4 49. Re4 Rxe4 50. Rxe4 Rb8 51. Re3 Bh6 52. Rd3 Bf4 53. Kf1 Kg7 54. Ke2 g5 55. Kf3 Bc1 56. Ke4 Kg6 57.
Rd6+ Kg7 58. Rd7 Kg6 59. Nd6 Rxb3 60. Rxf7 Rb4+ 61. Kd5 Rd4+ 62. Ke6 Rd2 63. Rf6+ Kh7 64. Nf5 Rxf2 65. Rf7+ Kh8 66. Rf8+ Kh7 67. Rf6 Rxg2 68.
Kf7 g4 69. e6 gxh3 70. e7 h2 71. e8=Q h1=Q 72. Rh6+ Bxh6 73. Qd7 Rg7+ 74. Nxg7 Qf3+ 75. Nf5 Qh5+ 76. Kf6+ Kg8 77. Qd8+ Kh7 78. Qe7+ Kg8 79.
Qe6+ Kh7 80. Ke7 Qg6 81. Qd7 Bg5+ 82. Kf8+ Kh8 83. Ne7 Qf6+ 84. Ke8 Qxe7+ 85. Qxe7 Bxe7 86. Kxe7 h3 0-1

[Event "Early-Titled-Tuesday-Blitz-May-07-2024"]
[Site "Chess.com"]
[Date "2024.05.07"]
[Round "6"]
[White "DvaHrasta"]
[Black "Mikhail_Golubev"]
[Result "0-1"]
[WhiteElo "2459"]
[BlackElo "2629"]
[TimeControl "180+1"]
[EndTime "9:14:21 PDT"]
[Termination "Mikhail_Golubev won by checkmate"]

1. c4 g6 2. g3 Bg7 3. Bg2 d6 4.
Nf3 Nf6 5. Nc3 O-O 6. O-O e5 7. d3 Nc6 8. Rb1 a5 9. a3 Nd4 10. Ne1 c6 11. e3 Ne6 12. b4 axb4 13.
axb4 d5 14. Nc2 Qd6 15. Qe2 d4 16. Nd1 dxe3 17. fxe3 Rd8 18. Nb2 Ng5 19. c5 Qe7 20. e4 Nh3+ 21. Kh1 h5 22. Nc4 h4 23. gxh4 Nh5 24. Bg5 Nxg5 25. hxg5 Qxg5 26. Nd6 Bg4 27. Qf2 Rd7 28. Ne3 Be6 29. Ra1 Rf8 30. Rg1 Qh6 31. Bf3 Nf4 32. Qf1 Bh3 33. Ng4 Qh4 34. Qf2 Bxg4 35. Qxh4 Bxf3+ 36. Rg2 Bxg2+ 37. Kg1 Bf3 38. Qe1 Be2 39. Ra2 Bxd3 40. Rf2 Ba6 41. Rf3 Bh6 42. Qh4 Bg7 43. Qg4 Re7 44. h4 Re6 45. Rh3 Rf6 46. Rf3 Re6 47. Kh2 Re7 48. Nf5 gxf5 49. Qxf5 f6 50. Rg3 Kh8 51. h5 Ref7 52.
Rg4 Bh6 53. Rg6 Rh7 54. Rxf6 Rg8 55. Rf7 Bg7 56. Rc7 Rxh5+ 57. Qxh5+ Nxh5 58. b5 Nf6 59. bxa6 bxa6 60. Rb7 Nxe4 61. Rb6 Nf6 62. Rxc6 Rf8 63. Kh3 Rf7 64. Kh4 Kh7 65. Rxa6 Rc7 66. c6 e4 67. Kg5 Kg8 68. Kf5 Kf8 69. Ra8+ Ne8 70. Kxe4 Re7+ 71. Kd5 Kf7 72. Ra2 Nc7+ 73. Kc4 Bf6 74. Rf2 Re6 75. Rh2 Rxc6+ 76. Kd3 Ke7 77. Rh7+ Kd6 78. Rh6 Ke6 79. Rh7 Nd5 80. Ke4 Ne7 81.
Rh1 Rc4+ 82. Kd3 Rc3+ 83. Kd2 Rc5 84. Re1+ Kf7 85. Rh1 Ng6 86. Rh7+ Ke6 87. Ra7 Ne5 88. Ra6+ Kf5 89. Ra3 Bg5+ 90. Ke2 Rc4 91. Ra8 Rc2+ 92. Kd1 Rd2+ 93. Ke1 Nd3+ 94. Kf1 Rf2+ 95. Kg1 Kg4 96. Ra4+ Kg3 97. Ra5 Be3 98. Ra1 Ra2+ 99. Kf1 Rxa1+ 100. Ke2 Nf4+ 101. Kxe3 Rd1 102. Ke4 Nh5 103. Kf5 Kf3 104.
Kg5 Rd4 105. Kf5 Rf4+ 106. Ke5 Nf6 107. Ke6 Ke4 108. Kd6 Nd5 109. Kc5 Rf6 110. Kc4 Rc6+ 111. Kb5 Rc8 112. Ka6 Rb8 113. Ka7 Rb6 114. Ka8 Ke5 115. Ka7 Kd6 116. Ka8 Kc6 117. Ka7 Kc7 118. Ka8 Ra6# 0-1

[Event "Early-Titled-Tuesday-Blitz-May-07-2024"]
[Site "Chess.com"]
[Date "2024.05.07"]
[Round "7"]
[White "Phuzer"]
[Black "stollenmonster"]
[Result "0-1"]
[WhiteElo "2630"]
[BlackElo "2929"]
[TimeControl "180+1"]
[EndTime "9:16:17 PDT"]
[Termination "stollenmonster won by resignation"]

1. d4 Nf6 2. c4 e6 3. Nc3 d5 4. cxd5 Nxd5 5. e4 Nxc3 6. bxc3 b6 7. Bd3 Bb7 8. Ne2 Be7 9. O-O Nd7 10. f3 c5 11. Be3 O-O 12. Qd2 Rc8 13. Rfd1 Qc7 14. Rac1 Rfd8 15. Bb1 a6 16. h4 Bxh4 17. Bg5 Bxg5 18.
Qxg5 h6 19. Qh4 cxd4 20. cxd4 Qd6 21. e5 Qa3 22. Qf4 Nf8 23. Qe3 Qxe3+ 0-1

[Event "Early-Titled-Tuesday-Blitz-May-07-2024"]
[Site "Chess.com"]
[Date "2024.05.07"]
[Round "7"]
[White "sonicdravise"]
[Black "Mr_ruthless"]
[Result "1-0"]
[WhiteElo "2633"]
[BlackElo "2491"]
[TimeControl "180+1"]
[EndTime "9:16:52 PDT"]
[Termination "sonicdravise won by resignation"]

1. Nf3 Nf6 2. c4 g6 3. Nc3 Bg7 4. e4 c5 5. d4 cxd4 6. Nxd4 Nc6 7. Be3 O-O 8. Be2 d6 9. O-O Bd7 10. h3 Nxd4 11. Bxd4 Bc6 12. Qc2 Nd7 13. Be3 Nc5 14. Rfd1 a5 15. Bxc5 1-0

[Event "Early-Titled-Tuesday-Blitz-May-07-2024"]
[Site "Chess.com"]
[Date "2024.05.07"]
[Round "7"]
[White "milovichalex"]
[Black "aljado"]
[Result "1-0"]
[WhiteElo "2337"]
[BlackElo "2169"]
[TimeControl "180+1"]
[EndTime "9:17:56 PDT"]
[Termination "milovichalex won by resignation"]

1. e4 c5 2. Nf3 e6 3. d4 cxd4 4. Nxd4 Bc5 5. Nb3 Bb6 6. Nc3 a6 7. Bf4 Nc6 8. Bd6 Nge7 9. Bd3 O-O 10. e5 Bc7 11. Qh5 g6 12. Qh6 Bxd6 13. exd6 Nf5 14.
Bxf5 exf5 15. O-O-O Qf6 16. f4 b5 17. Rhe1 Bb7 18.
Nc5 Rab8 19. Nxd7 Qg7 20. Qxg7+ Kxg7 21. Nxb8 Nxb8 22. d7 Rd8 23. Re8 Nc6 24. Rxd8 Nxd8 25. Re1 1-0

[Event "Early-Titled-Tuesday-Blitz-May-07-2024"]
[Site "Chess.com"]
[Date "2024.05.07"]
[Round "7"]
[White "jinxy2009"]
[Black "Lily_Schirmbeck"]
[Result "1-0"]
[WhiteElo "2267"]
[BlackElo "1655"]
[TimeControl "180+1"]
[EndTime "9:17:59 PDT"]
[Termination "jinxy2009 won by checkmate"]

1. e4 c6 2. d4 d5 3. e5 Bf5 4. h4 h5 5. Bd3 Bxd3 6. Qxd3 e6 7. Bg5 Be7 8. Nf3 Nh6 9. Nbd2 Ng4 10. c4 dxc4 11. Nxc4 c5 12. Nd6+ Kf8 13. Bxe7+ Qxe7 14. Ng5 Nh6 15. d5 exd5 16. Qxd5 Nc6 17. O-O-O Qxe5 18. Qd2 Rd8 19. Rhe1 Qxd6 20. Qxd6+ Rxd6 21. Rxd6 Nf5 22. Rd7 f6 23. Rf7+ Kg8 24. Re8# 1-0

[Event "Early-Titled-Tuesday-Blitz-May-07-2024"]
[Site "Chess.com"]
[Date "2024.05.07"]
[Round "7"]
[White "doctorcristian"]
[Black "praveenb2002"]
[Result "0-1"]
[WhiteElo "2581"]
[BlackElo "2852"]
[TimeControl "180+1"]
[EndTime "9:18:00 PDT"]
[Termination "praveenb2002 won by checkmate"]

1. d4 Nf6 2. Nc3 d5 3. Bf4 c6 4. e3 Bf5 5. f3 e6 6. g4 Bg6 7. h4 h5 8. g5 Ng8 9. Bd3 Bd6 10. Nge2 Ne7 11. e4 O-O 12. Qd2 b5 13. O-O-O Bb4 14. Kb1 Nd7 15. a3 a5 16. axb4 axb4 17. Na2 Rxa2 18.
Kxa2 Qa5+ 19. Kb1 Ra8 20. c3 Qa1+ 21. Kc2 b3+ 22. Kxb3 Qa4# 0-1

[Event "Early-Titled-Tuesday-Blitz-May-07-2024"]
[Site "Chess.com"]
[Date "2024.05.07"]
[Round "7"]
[White "ValiantCeleb"]
[Black "RamonManon0g"]
[Result "1-0"]
[WhiteElo "2262"]
[BlackElo "2437"]
[TimeControl "180+1"]
[EndTime "9:18:09 PDT"]
[Termination "ValiantCeleb won by resignation"]

1. b3 e5 2. Bb2 d6 3. d4 exd4 4. Qxd4 Nc6 5. Qd3 Nf6 6. Nf3 Be7 7. e4 O-O 8. Nbd2 Bg4 9. a3 a5 10. Be2 Nd7 11. O-O Nc5 12. Qe3 Bf6 13. Bxf6 Qxf6 14. h3 Bh5 15. Rfe1 Rae8 16. Bb5 Qb2 17.
Bxc6 bxc6 18. Nd4 Nxe4 19. Nxe4 f5 20. Reb1 Rxe4 21. Rxb2 Rxe3 22. fxe3 c5 23. Ne6 Re8 24. Nxc7 Rxe3 25. Nd5 Re2 26. Nf4 1-0

[Event "Early-Titled-Tuesday-Blitz-May-07-2024"]
[Site "Chess.com"]
[Date "2024.05.07"]
[Round "7"]
[White "LoaySameer"]
[Black "sokidze"]
[Result "1-0"]
[WhiteElo "2532"]
[BlackElo "2787"]
[TimeControl "180+1"]
[EndTime "9:18:36 PDT"]
[Termination "LoaySameer won by resignation"]

1. Nf3 d5 2. g3 Nf6 3. Bg2 e6 4.
O-O Be7 5. d3 O-O 6. Nbd2 c5 7.
e4 Nc6 8. Re1 b5 9. exd5 exd5 10. d4 c4 11. Nf1 h6 12. Ne5 Bb7 13. a4 b4 14. Ne3 Rc8 15. Nf5 Re8 16. Bxh6 gxh6 17.
Nxh6+ Kf8 18. Nhxf7 Qb6 19. Qd2 Nxe5 20. Nxe5 Rcd8 21.
Qh6+ Kg8 22. Qg6+ 1-0

[Event "Early-Titled-Tuesday-Blitz-May-07-2024"]
[Site "Chess.com"]
[Date "2024.05.07"]
[Round "7"]
[White "MVM2008"]
[Black "LileKoridze"]
[Result "1-0"]
[WhiteElo "2561"]
[BlackElo "2388"]
[TimeControl "180+1"]
[EndTime "9:18:43 PDT"]
[Termination "MVM2008 won by checkmate"]

1. e4 c5 2. Nf3 d6 3. d4 cxd4 4.
Nxd4 Nf6 5. Nc3 a6 6. Bc4 e6 7.
Bb3 Nbd7 8. O-O Qc7 9. f4 b5 10.
f5 Nc5 11. Qf3 e5 12. Nd5 Nxd5 13. Bxd5 Bb7 14. Bg5 f6 15. Qh5+ Kd8 16. Ne6+ Nxe6 17. fxe6 fxg5 18. Rf7 Qc5+ 19. Kh1 Bxd5 20. Rd7+ Kc8 21.
Qe8# 1-0

[Event "Early-Titled-Tuesday-Blitz-May-07-2024"]
[Site "Chess.com"]
[Date "2024.05.07"]
[Round "7"]
[White "Msb2"]
[Black "Mikhail_Bryakin"]
[Result "1/2-1/2"]
[WhiteElo "3033"]
[BlackElo "2894"]
[TimeControl "180+1"]
[EndTime "9:18:44 PDT"]
[Termination "Game drawn by repetition"]

1. d4 Nf6 2. c4 g6 3. Nc3 Bg7 4. e4 d6 5. Be2 O-O 6. Nf3 Nbd7 7. O-O e5 8. Be3 Ng4 9. Bg5 Bf6 10. Bxf6 Ngxf6 11. Qc2 c6 12. Rad1 Qe7 13. Rfe1 Re8 14. Bf1 b6 15. Qc1 Kg7 16. a3 Bb7 17. b4 a5 18. Qb2 axb4 19. axb4 Ra7 20. Ra1 Rea8 21. Rxa7 Rxa7 22. h3 Qe8 23. Rd1 Qe7 24. Re1 Qe8 25. Rd1 Qe7 26. Re1 1/2-1/2

[Event "Early-Titled-Tuesday-Blitz-May-07-2024"]
[Site "Chess.com"]
[Date "2024.05.07"]
[Round "7"]
[White "djokovic74"]
[Black "watermelonattackk"]
[Result "1-0"]
[WhiteElo "2809"]
[BlackElo "2564"]
[TimeControl "180+1"]
[EndTime "9:18:44 PDT"]
[Termination "djokovic74 won by resignation"]

1. e4 e5 2. Nf3 Nc6 3. Bb5 a6 4.
Ba4 Nf6 5. O-O Be7 6. d3 b5 7.
Bb3 d6 8. a3 O-O 9. Nc3 Nd4 10.
Nxd4 exd4 11. Ne2 c5 12. Bg5 Be6 13. Bxe6 fxe6 14. Bxf6 Bxf6 15. Ng3 Qd7 16. Qe2 d5 17. e5 Be7 18. f4 c4 19. Qg4 Kh8 20. Rae1 Rac8 21.
f5 exf5 22. Nxf5 g6 23. e6 Qc7 24. Nxe7 Qxe7 25. Qxd4+ Kg8 26. Rxf8+ Rxf8 27. Qxd5 cxd3 28. cxd3 Rd8 29. Qe4 Rf8 30. d4 Qf6 31. h3 Re8 32. d5 Qxb2 33. d6 Qxa3 34. d7 1-0

[Event "Early-Titled-Tuesday-Blitz-May-07-2024"]
[Site "Chess.com"]
[Date "2024.05.07"]
[Round "7"]
[White "Valeron87"]
[Black "Ruslan_Kurayan"]
[Result "1/2-1/2"]
[WhiteElo "2498"]
[BlackElo "2619"]
[TimeControl "180+1"]
[EndTime "9:18:50 PDT"]
[Termination "Game drawn by repetition"]

1. e4 c5 2. Nf3 d6 3. d4 cxd4 4.
Qxd4 Nc6 5. Bb5 Nf6 6. Nc3 Bd7 7. Bxc6 Bxc6 8. Bg5 Qb6 9. Qxb6 axb6 10. Bxf6 gxf6 11. Nd4 Rg8 12. O-O Ra5 13. a4 f5 14.
b4 Re5 15. Nxc6 bxc6 16. f4 Re6 17.
exf5 Re3 18. Nd1 Re2 19. Rf2 Re1+ 20. Rf1 Re2 21. Rf2 Re1+ 22. Rf1 Re2 1/2-1/2

[Event "Early-Titled-Tuesday-Blitz-May-07-2024"]
[Site "Chess.com"]
[Date "2024.05.07"]
[Round "7"]
[White "KononenkoD"]
[Black "Supergiuly"]
[Result "1-0"]
[WhiteElo "2594"]
[BlackElo "2342"]
[TimeControl "180+1"]
[EndTime "9:18:54 PDT"]
[Termination "KononenkoD won by resignation"]

1. d4 g6 2. c4 Bg7 3. Nc3 d6 4. Nf3 Nf6 5. g3 O-O 6. Bg2 Nbd7 7. O-O Rb8 8. e4 b6 9. Re1 c5 10. e5 dxe5 11. dxe5 Ng4 12. e6 Nde5 13. Qxd8 Rxd8 14. Nxe5 Nxe5 15. exf7+ Nxf7 16. Bd5 Kf8 17. Bf4 e5 18. Be3 Nd6 19. Bg5 Rd7 20. Rad1 Ba6 21. Bc6 Rbd8 22. Bxd8 Rxd8 23. Ne4 Ke7 24. Nxd6 Rxd6 25. Rxd6 Kxd6 26. Bd5 Bh6 27. b3 Bd2 28. Rd1 Bc3 29. Bb7+ 1-0

[Event "Early-Titled-Tuesday-Blitz-May-07-2024"]
[Site "Chess.com"]
[Date "2024.05.07"]
[Round "7"]
[White "NigiriSushies"]
[Black "campochess"]
[Result "1-0"]
[WhiteElo "2415"]
[BlackElo "2163"]
[TimeControl "180+1"]
[EndTime "9:18:54 PDT"]
[Termination "NigiriSushies won by resignation"]

1. d4 Nf6 2. c4 e6 3. Nc3 Bb4 4.
a3 Bxc3+ 5. bxc3 c5 6. e3 b6 7. Nf3 Nc6 8. Bd3 O-O 9. O-O Ba6 10. e4 Na5 11. e5 Ne8 12. Bxh7+ Kxh7 13. Ng5+ Kg6 14.
Qg4 f5 15. Qg3 Qe7 16. Qh4 f4 17. Qh7+ Kxg5 18. h4+ Kg4 19. f3+ Kg3 20. Bd2 1-0

[Event "Early-Titled-Tuesday-Blitz-May-07-2024"]
[Site "Chess.com"]
[Date "2024.05.07"]
[Round "7"]
[White "alpope"]
[Black "Chess23Wizzard"]
[Result "0-1"]
[WhiteElo "2527"]
[BlackElo "2686"]
[TimeControl "180+1"]
[EndTime "9:18:56 PDT"]
[Termination "Chess23Wizzard won by resignation"]

1. e4 c6 2. b3 d5 3. e5 Nd7 4. Bb2 e6 5. f4 g5 6. f5 exf5 7. e6 Ndf6 8. exf7+ Kxf7 9. Nf3 h6 10.
Ne5+ Kg7 11. Bd3 Bc5 12. Rf1 Ne7 13. Qf3 Re8 14. Kd1 d4 15. Na3 f4 16. h4 Ng6 17.
hxg5 hxg5 18. Bxg6 Rxe5 19. Qd3 Bg4+ 20. Kc1 Be2 0-1

[Event "Early-Titled-Tuesday-Blitz-May-07-2024"]
[Site "Chess.com"]
[Date "2024.05.07"]
[Round "7"]
[White "Blackwhite017"]
[Black "Ati1517"]
[Result "1-0"]
[WhiteElo "2132"]
[BlackElo "2259"]
[TimeControl "180+1"]
[EndTime "9:19:02 PDT"]
[Termination "Blackwhite017 won by resignation"]

1. e4 c5 2. Nf3 d6 3. Nc3 Nf6 4. e5 dxe5 5. Nxe5 Nbd7 6. Nc4 e6 7. g3 a6 8. a4 Be7 9. Bg2 O-O 10. O-O Rb8 11. a5 b5 12. axb6 Nxb6 13. Na5 Nbd5 14. Nc6 Qc7 15. Nxb8 Qxb8 16. Nxd5 exd5 17. d3 Bb7 18. b3 Qe5 19. Bf4 Qf5 20. Re1 Re8 21.
Re5 Qd7 22. Qe2 Bd6 23. Rxe8+ Nxe8 24. Bh3 Qd8 25. Re1 Nc7 26. Bxd6 Qxd6 27. Qe7 1-0

[Event "Early-Titled-Tuesday-Blitz-May-07-2024"]
[Site "Chess.com"]
[Date "2024.05.07"]
[Round "7"]
[White "AnaKuchava"]
[Black "DACF2905"]
[Result "0-1"]
[WhiteElo "2203"]
[BlackElo "2434"]
[TimeControl "180+1"]
[EndTime "9:19:10 PDT"]
[Termination "DACF2905 won by resignation"]

1. d4 Nf6 2. Nf3 e6 3. c4 d5 4. Nc3 Bb4 5. Qa4+ Nc6 6. e3 Bd7 7. Qc2 O-O 8. Bd3 dxc4 9. Bxc4 Re8 10. O-O e5 11. d5 Ne7 12. Nxe5 Bxc3 13. Nxd7 Qxd7 14.
Qxc3 Nexd5 15. Qb3 c6 16. Rd1 b5 17. Be2 Rad8 18. Bf3 Qf5 19. Bd2 Ne4 20. Ba5 Rd6 21. Rac1 Rg6 22. a4 Qxf3 23. g3 Qxf2+ 24. Kh1 Nxg3+ 0-1

[Event "Early-Titled-Tuesday-Blitz-May-07-2024"]
[Site "Chess.com"]
[Date "2024.05.07"]
[Round "7"]
[White "TenisMaster"]
[Black "LeninGuerra"]
[Result "1-0"]
[WhiteElo "2877"]
[BlackElo "2662"]
[TimeControl "180+1"]
[EndTime "9:19:11 PDT"]
[Termination "TenisMaster won by checkmate"]

1. e4 c5 2. Nf3 e6 3. d4 cxd4 4. Nxd4 Nc6 5. Nc3 Qc7 6. f4 a6 7. Nxc6 bxc6 8. Bd3 e5 9. O-O d6 10. fxe5 dxe5 11. Bg5 Be7 12. Bc4 Bxg5 13. Rxf7 Qb6+ 14.
Kh1 Nf6 15. Qd6 Ra7 16. Qxe5+ Kd8 17. Rd1+ Rd7 18. Rfxd7+ Bxd7 19. Qxg5 Re8 20. Qxg7 c5 21. h3 Nxe4 22. Qxd7# 1-0

[Event "Early-Titled-Tuesday-Blitz-May-07-2024"]
[Site "Chess.com"]
[Date "2024.05.07"]
[Round "7"]
[White "ccccvhhhj"]
[Black "BM223344"]
[Result "0-1"]
[WhiteElo "2483"]
[BlackElo "2623"]
[TimeControl "180+1"]
[EndTime "9:19:14 PDT"]
[Termination "BM223344 won by checkmate"]

1. e4 e6 2. Nf3 d5 3. e5 c5 4. b4 cxb4 5. a3 bxa3 6. Nxa3 Ne7 7.
c3 Nbc6 8. d4 Ng6 9. h4 h5 10. Bd3 Nge7 11. Nb5 Nf5 12. Ba3 Bxa3 13. Rxa3 O-O 14. Ng5 g6 15. g4 Nxh4 16. Rxh4 Qxg5 17.
Rh1 a6 18. Nd6 hxg4 19. Rg1 Nxe5 20. dxe5 Qxe5+ 21. Qe2 Qxd6 22. Ra1 e5 23. Rh1 e4 24. Qe3 Qf6 25. Qh6 Qxc3+ 26. Ke2 exd3+ 27. Ke3 Re8+ 28. Kf4 Qe5# 0-1

[Event "Early-Titled-Tuesday-Blitz-May-07-2024"]
[Site "Chess.com"]
[Date "2024.05.07"]
[Round "7"]
[White "JeFumeDesClopes"]
[Black "gurelediz"]
[Result "0-1"]
[WhiteElo "2712"]
[BlackElo "2957"]
[TimeControl "180+1"]
[EndTime "9:19:15 PDT"]
[Termination "gurelediz won by resignation"]

1. Nf3 Nf6 2. g3 d6 3. d4 g6 4.
Bg2 Bg7 5. O-O O-O 6. b3 Nbd7 7. Bb2 c6 8. c4 Qc7 9. Nc3 e5 10. e4 Re8 11. Re1 a5 12. h3 exd4 13. Nxd4 Nc5 14.
Qc2 Bd7 15. Rad1 Rad8 16. Kh2 h5 17. f4 Bc8 18. Qf2 h4 19. g4 Bxg4 20. e5 dxe5 21. Ndb5 cxb5 22. Nxb5 Qc8 23. Rxd8 Rxd8 24. fxe5 Nd3 25.
Qxh4 Nxe1 26. exf6 Nxg2 27. Qxg4 Qxg4 28. hxg4 Ne3 0-1

[Event "Early-Titled-Tuesday-Blitz-May-07-2024"]
[Site "Chess.com"]
[Date "2024.05.07"]
[Round "7"]
[White "alvarorodriguezavila"]
[Black "lluiss"]
[Result "1-0"]
[WhiteElo "2336"]
[BlackElo "2220"]
[TimeControl "180+1"]
[EndTime "9:19:31 PDT"]
[Termination "alvarorodriguezavila won by resignation"]

1. e4 c5 2. d4 cxd4 3. c3 dxc3 4. Nf3 Nc6 5. Bc4 e6 6. O-O a6 7. Nxc3 Bb4 8. Qe2 Bxc3 9. bxc3 Nge7 10. Ba3 O-O 11.
Rfd1 b5 12. Bb3 b4 13. cxb4 d5 14. exd5 exd5 15. h3 Rb8 16. b5 axb5 17. Bxd5 Nxd5 18. Bxf8 Kxf8 19. Qe4 Be6 20. Qxh7 Qf6 21. Rac1 Rc8 22. Rxd5 Bxd5 23. Qh8+ Ke7 24. Qxc8 Bc4 25. Re1+ Kd6 26. Nd2 Qc3 27. Ne4+ 1-0

[Event "Early-Titled-Tuesday-Blitz-May-07-2024"]
[Site "Chess.com"]
[Date "2024.05.07"]
[Round "7"]
[White "DanielDardha2005"]
[Black "jinbojinbo"]
[Result "1-0"]
[WhiteElo "2887"]
[BlackElo "2647"]
[TimeControl "180+1"]
[EndTime "9:19:33 PDT"]
[Termination "DanielDardha2005 won by resignation"]

1. d4 f5 2. Nh3 Nf6 3. g3 g6 4.
Bg2 Bg7 5. c3 O-O 6. Nf4 e6 7.
h4 Qe8 8. Nd2 Nc6 9. Nf3 d5 10. h5 Ne4 11. hxg6 hxg6 12. Nd3 Bf6 13. Bf4 Rf7 14. Nfe5 Nxe5 15. Bxe5 Qe7 16. Qc1 g5 17. Bxe4 1-0

[Event "Early-Titled-Tuesday-Blitz-May-07-2024"]
[Site "Chess.com"]
[Date "2024.05.07"]
[Round "7"]
[White "Kirillov_Andrey"]
[Black "Guldona_2007"]
[Result "0-1"]
[WhiteElo "2385"]
[BlackElo "2193"]
[TimeControl "180+1"]
[EndTime "9:19:39 PDT"]
[Termination "Guldona_2007 won by resignation"]

1. e4 c5 2. Nf3 d6 3. d4 cxd4 4. Nxd4 Nf6 5. Nc3 Nc6 6. Be3 e5 7. Nb3 Be6 8. f3 d5 9. exd5 Nxd5 10. Nxd5 Bxd5 11. Bd3 Be7 12. O-O O-O 13. c3 f5 14.
Qe2 Be6 15. Rfd1 Qc7 16. Nc5 Bxc5 17. Bxc5 Rfd8 18. b4 b6 19. Bf2 Ne7 20. c4 Ng6 21. g3 h5 22. c5 h4 23. Bc4 Qe7 24.
cxb6 axb6 25. Bxb6 Rxd1+ 26. Rxd1 Rb8 27. Bc5 Qf7 28. Bxe6 Qxe6 29. Rd6 Qe8 30. a4 hxg3 31. hxg3 f4 32. Qe4 Kh7 33. gxf4 exf4 34. Qxf4 Nxf4 0-1

[Event "Early-Titled-Tuesday-Blitz-May-07-2024"]
[Site "Chess.com"]
[Date "2024.05.07"]
[Round "7"]
[White "MathiasWomacka"]
[Black "kidagent"]
[Result "1-0"]
[WhiteElo "2521"]
[BlackElo "2362"]
[TimeControl "180+1"]
[EndTime "9:19:42 PDT"]
[Termination "MathiasWomacka won by resignation"]

1. e4 c6 2. d4 d5 3. Nd2 dxe4 4. Nxe4 Bf5 5. Ng3 Bg6 6. h4 h6 7.
Nf3 Nd7 8. h5 Bh7 9. Bd3 Bxd3 10. Qxd3 e6 11. Bf4 Ngf6 12. O-O-O Be7 13. Kb1 O-O 14. Ne4 Nxe4 15. Qxe4 Nf6 16. Qe2 Qd5 17. Ne5 Rfd8 18. f3 b5 19. g4 Nh7 20. Bc1 Rac8 21.
f4 c5 22. g5 hxg5 23. fxg5 cxd4 24. g6 fxg6 25. hxg6 Nf6 26. Nf7 Kf8 27. Rh8+ Ng8 28. Qh2 1-0

[Event "Early-Titled-Tuesday-Blitz-May-07-2024"]
[Site "Chess.com"]
[Date "2024.05.07"]
[Round "7"]
[White "klifus"]
[Black "giovannibrandao7"]
[Result "0-1"]
[WhiteElo "2198"]
[BlackElo "2314"]
[TimeControl "180+1"]
[EndTime "9:19:44 PDT"]
[Termination "giovannibrandao7 won by resignation"]

1. Nf3 Nf6 2. g3 g6 3. Bg2 Bg7 4. O-O O-O 5. c4 c5 6. Nc3 Nc6 7. Rb1 d5 8. cxd5 Nxd5 9. e4 Ndb4 10. a3 Nd3 11. Ne1 Nxe1 12. Rxe1 Nd4 13. d3 Be6 14. b4 cxb4 15. axb4 Rc8 16. Bd2 Nb3 17. Rxb3 Bxb3 18. Qxb3 Qxd3 19. Rd1 Bxc3 20. Bxc3 Qxc3 21. Qxc3 Rxc3 22. e5 Rc4 23. b5 Rc5 24. Rd5 Rfc8 25. f4 Rxd5 26. Bxd5 Rc5 27. Bxb7 Rxb5 28. Bc6 Rb1+ 29. Kg2 Rb2+ 30. Kg1 a5 0-1

[Event "Early-Titled-Tuesday-Blitz-May-07-2024"]
[Site "Chess.com"]
[Date "2024.05.07"]
[Round "7"]
[White "HeroWilczek"]
[Black "Triumphmate"]
[Result "0-1"]
[WhiteElo "2567"]
[BlackElo "2452"]
[TimeControl "180+1"]
[EndTime "9:19:45 PDT"]
[Termination "Triumphmate won by resignation"]

1. Nf3 d5 2. b3 e6 3. Bb2 f5 4. e3 Nf6 5. c4 Be7 6. Be2 O-O 7.
O-O c6 8. d3 Nbd7 9. Nbd2 b6 10.
Qc2 Bb7 11. e4 Rc8 12. Rfe1 c5 13. exf5 exf5 14. Ne5 Nxe5 15. Bxe5 Bd6 16. Bf3 Bxe5 17. Rxe5 Qd6 18. Rae1 Ne4 19. Rxd5 Bxd5 20. dxe4 fxe4 21.
Nxe4 Bxe4 22. Bxe4 h6 23. Bd5+ Kh8 24. Re6 Rce8 25.
Re2 Qf4 26. g3 Qg4 27. Rxe8 Rxe8 28. Kg2 Qe2 29. Qg6 Rf8 30. Bf7 Qxa2 31. g4 Qd2 32. h4 Qf4 0-1

[Event "Early-Titled-Tuesday-Blitz-May-07-2024"]
[Site "Chess.com"]
[Date "2024.05.07"]
[Round "7"]
[White "Alina_Gumerovna"]
[Black "MaxLeto"]
[Result "0-1"]
[WhiteElo "2183"]
[BlackElo "2427"]
[TimeControl "180+1"]
[EndTime "9:19:45 PDT"]
[Termination "MaxLeto won on time"]

1. e4 c5 2. Nf3 d6 3. d4 cxd4 4. Nxd4 Nf6 5. Nc3 a6 6. f3 e6 7.
Be3 b5 8. Qd2 Nbd7 9. g4 h6 10.
h4 Bb7 11. a4 b4 12. Na2 d5 13. g5 hxg5 14. Bxg5 dxe4 15. fxe4 Bxe4 16. Bg2 Qa5 17. Nc6 Qxa4 18. Ncxb4 Bxb4 19. Nxb4 Qxa1+ 20. Kf2 Qxb2 21. Bxf6 Nxf6 22. Rd1 O-O 23. h5 Qe5 24. h6 Ng4+ 25. Kg1 Qh2+ 26. Kf1 Bxg2+ 27. Qxg2 Ne3+ 0-1